 Dungeon Crawl Stone Soup version 0.22-a0-166-g5351223 (webtiles) character file.

38539 Amnesiac the Blocker (level 13, -9/91 HPs)
             Began as a Mummy Earth Elementalist on Feb 13, 2018.
             Was a High Priest of Ashenzari.
             Mangled by a halberd of chopping (28 damage)
             ... on level 1 of the Elven Halls.
             The game lasted 01:05:15 (20765 turns).

Amnesiac the Blocker (Mummy Earth Elementalist)    Turns: 20765, Time: 01:05:16

Health: -9/91      AC: 10    Str: 11    XL:     13   Next: 64%
Magic:  25/25      EV: 15    Int: 18    God:    Ashenzari [*****.]
Gold:   1409       SH: 12    Dex: 14    Spells: 3/28 levels left

rFire    . . .     SeeInvis +   (no weapon)
rCold    + . .     Gourm    .   x - +0 shield of Ashenzari's Hope {rC+} (curse)
rNeg     + + +     Faith    .   u - +2 robe {Archmagi} (curse)
rPois    ∞         Spirit   .   G - +0 helmet
rElec    .         Reflect  .   k - +2 cloak {MR+} (curse)
rCorr    +         Harm     .   y - +0 pair of gloves (curse)
MR       ++...     Clarity  +   j - +0 pair of boots
Stlth    +++++.....             z - amulet of regeneration (curse)
HPRegen  0.65/turn              g - ring of resist corrosion (curse)
MPRegen  0.19/turn              D - ring of fire

@: no status effects
A: no food or potions, fire vulnerability, cold resistance 1, negative energy
resistance 3, torment resistance, unbreathing, in touch with death 1
a: Curse Item, Scrying, Transfer Knowledge, Renounce Religion


You were on level 1 of the Elven Halls.
You worshipped Ashenzari.
Ashenzari was extremely pleased with you.
You were not hungry.

You visited 5 branches of the dungeon, and saw 19 of its levels.

You collected 1564 gold pieces.
You spent 155 gold pieces at shops.

Inventory:

Hand Weapons
 a - a +2 dagger of speed
 m - a +2 double sword of slicing
 B - a +0 blowgun
Missiles
 d - 175 arrows
 A - 54 poisoned needles
Armour
 j - a +0 pair of boots (worn)
 k - a cursed +2 cloak of magic resistance (worn)
 u - a cursed +2 robe of the Archmagi (worn)
 x - the cursed +0 shield of Ashenzari's Hope (worn) {rC+}
   (You found it on level 12 of the Dungeon)

   It protects you from cold.
   It has a curse placed upon it.
 y - a cursed +0 pair of gloves (worn)
 G - a +0 helmet (worn)
Jewellery
 b - the ring "Suwn" {MP+9 Str+3 Int+2}
   (You bought it in a shop on level 2 of the Orcish Mines)

   [ring of magical power]

   It affects your strength (+3).
   It affects your intelligence (+2).
   It affects your magic capacity (+9).
 g - a cursed ring of resist corrosion (left hand)
 o - a +6 amulet of reflection
 z - a cursed amulet of regeneration (around neck)
 D - a ring of fire (right hand)
Wands
 l - a wand of acid (16)
 n - a wand of random effects (37)
 r - a wand of enslavement (6)
 t - a wand of flame (44)
 v - a wand of paralysis (12)
 I - a wand of digging (5)
 K - a wand of polymorph (16)
Scrolls
 c - 4 scrolls of magic mapping {!r}
 e - 5 scrolls of amnesia {!r}
 f - 6 scrolls of remove curse {!r}
 h - a scroll of fear {!r}
 i - 3 scrolls of enchant armour {!r}
 s - a scroll of fog {!r}
 E - a scroll of identify {!r}
 H - a scroll of enchant weapon {!r}


   Skills:
 - Level 5.0 Fighting
 - Level 8.0 Short Blades
 - Level 4.0(6.5) Dodging
 - Level 8.0(10.7) Stealth
 - Level 11.0(13.4) Shields
 - Level 8.0 Spellcasting
 - Level 5.5(8.2) Hexes
 + Level 5.3(8.0) Transmutations
 - Level 8.0(10.6) Earth Magic


You had 3 spell levels left.
You knew the following spells:

 Your Spells              Type           Power        Failure   Level  Hunger
a - Stone Arrow           Conj/Erth      #####.       3%          3    N/A
b - Passwall              Tmut/Erth      ######....   1%          2    N/A
c - Animate Skeleton      Necr           N/A          11%         1    N/A
d - Lee's Rapid Deconstr  Erth           ######....   4%          5    N/A
e - Petrify               Tmut/Erth      ######..     2%          4    N/A
f - Sticks to Snakes      Tmut           ######..     1%          2    N/A
g - Apportation           Tloc           ##....       11%         1    N/A
h - Summon Small Mammal   Summ           ##..         11%         1    N/A
i - Sandblast             Erth           ######       1%          1    N/A
j - Cause Fear            Hex            ######....   4%          4    N/A
z - Confusing Touch       Hex            ######       1%          1    N/A

Dungeon Overview and Level Annotations

Branches:
Dungeon (12/15)            Temple (1/1) D:4            Lair (2/6) D:11
 Spider (0/4) Lair:2          Orc (2/2) D:12            Elf (2/3) Orc:2
  Swamp: Lair:2-4    Shoals: Lair:2-4

Altars:
Ashenzari
Cheibriados
Dithmenos
Elyvilon
Fedhas
Gozag
Hepliaklqana
Kikubaaqudgha
Makhleb
Nemelex Xobeh
Okawaru
Qazlal
Ru
Sif Muna
Trog
Uskayaw
Vehumet
Wu Jian
Xom
Yredelemnul
Zin
The Shining One
Beogh

Shops:
D:5 (   D:11 }   Orc:1 (   Orc:2 [(*

Annotations:
Orc:2 Azrael, Donald
Elf:1 Agnes
Elf:2 exclusion: deep elf elementalist, Aizul


Innate Abilities, Weirdness & Mutations

You do not eat or drink.
Your flesh is vulnerable to fire.
You are immune to poison.
Your flesh is cold resistant. (rC+)
You are immune to negative energy. (rN+++)
You are immune to unholy pain and torment.
You can survive without breathing.
You are in touch with the powers of death.


Message History

A halberd of chopping comes into view.
Ashenzari warns you: It is a halberd of chopping.
Casting: Petrify (safe; 2% risk of failure)
Confirm with . or Enter, or press ? or * to list all spells.
Which direction?
You feel a surge of power!
You begin to meditate on the wall.
You continue meditating on the rock. x3
You finish merging with the rock.
Casting: Passwall (safe; 1% risk of failure)
Confirm with . or Enter, or press ? or * to list all spells.
Which direction?
You feel a surge of power!
You begin to meditate on the wall.
You continue meditating on the rock. x2
You finish merging with the rock.
Found a scroll of fog and an uncursed falchion.
A vampiric trident comes into view.
Ashenzari warns you: It is a vampiric trident.
Wield which item (- for none, * to show all)? (? for menu, Esc to quit)
You are now empty-handed.
Casting: Passwall (safe; 1% risk of failure)
Confirm with . or Enter, or press ? or * to list all spells.
You feel a surge of power!
Your hands begin to glow red.
The halberd of chopping hits you from afar!!
You block the halberd of chopping's attack.
The halberd of chopping hits you from afar!!
* * * LOW HITPOINT WARNING * * *
You block the halberd of chopping's attack.
Really attack barehanded?
You hit the halberd of chopping but do no damage.
The halberd of chopping hits you!!
* * * LOW HITPOINT WARNING * * *
x2 You hit the halberd of chopping but do no damage.
The halberd of chopping hits you!
* * * LOW HITPOINT WARNING * * *
x2 You can't drink.
Unknown command.
Okay, then.
You hit the halberd of chopping but do no damage.
The halberd of chopping barely misses you.
Unknown command.
Unknown command.
You closely miss the halberd of chopping.
The halberd of chopping misses you.
The halberd of chopping hits you but does no damage.
Wield which item (- for none, * to show all)? (? for menu, Esc to quit)
Okay, then.
You hit the halberd of chopping but do no damage.
You block the halberd of chopping's attack.
You hit the halberd of chopping but do no damage.
The halberd of chopping misses you.
You miss the halberd of chopping.
You block the halberd of chopping's attack.
You barely miss the halberd of chopping.
Your hands stop glowing.
You block the halberd of chopping's attack.
Casting: Confusing Touch (safe; 1% risk of failure)
Confirm with . or Enter, or press ? or * to list all spells.
You feel a surge of power!
Your hands begin to glow red.
The halberd of chopping closely misses you.
You hit the halberd of chopping but do no damage.
The halberd of chopping appears confused.
The halberd of chopping seems less confused.
The halberd of chopping hits you from afar!!
You die...

##############
#.....(.##...## *
#.#####.#(###.## *,*
#.#####..#...#.##.#,**
#.##.....#.@.#..!# *
#.##.##..#...#..## ,
#.##.##.#.###..## **
#...(...##....## ,
##...........#. , *
#.#.##..#.####..#
###.#.##..#.?.(...#
##.....##...#.#.#.#.
,,
*#.###...............
* ,*


You could see 2 dancing weapons.

Vanquished Creatures
  An orc warlord (Orc:2)
  A stone giant (Orc:1)
  Snorg (D:11)
  Josephine (Orc:2)
  Erolcha (Orc:2)
  3 two-headed ogres
  A hydra (Lair:1)
  2 orc high priests (Orc:2)
  An unseen horror (D:12)
  A deep elf archer (Elf:2)
  2 orc knights
  7 deep elf magi
  A cyclops (D:11)
  An orc sorcerer (Orc:2)
  A centaur zombie (D:12)
  Psyche (D:11)
  2 spiny frogs
  3 centaur skeletons
  A rime drake (Lair:2)
  12 trolls
  A hornet (D:9)
  6 hippogriffs
  Grinder (D:2)
  A spriggan (D:7)
  An air elemental (Elf:1)
  3 wyverns
  2 water elementals
  A basilisk (Lair:1)
  22 yaks
  5 fire elementals
  4 wraiths
  A hungry ghost (D:10)
  2 wargs
  Edmund (D:5)
  The ghost of Azzok the Firebug, an amateur DEFE (D:4)
  25 orc warriors
  5 water moccasins
  3 porcupines
  4 sky beasts
  3 black bears
  10 ogres
  2 phantoms
  7 centaurs
  2 ice beasts
  7 crocodiles
  4 big kobolds
  12 bullfrogs
  A gnoll sergeant (D:9)
  An earth elemental (Elf:1)
  A water moccasin zombie (D:11)
  2 scorpions
  3 wights (D:9)
  48 killer bees (D:8)
  4 howler monkeys
  4 electric eels (D:10)
  4 crimson imps
  A quasit (D:10)
  A bullfrog zombie (D:5)
  Crazy Yiuf (D:3)
  3 hounds
  4 jellies
  12 orc priests
  2 bullfrog skeletons
  A gnoll shaman (D:4)
  20 orc wizards
  Jessica (D:3)
  3 iguanas
  8 worker ants
  A worker ant zombie (D:9)
  11 gnolls
  15 adders
  3 shadow imps
  An ooze (D:1)
  An adder zombie (D:7)
  2 adder skeletons
  3 worms
  5 dart slugs
  5 leopard geckos
  83 orcs
  5 bats
  8 giant cockroaches
  A hobgoblin (D:3)
  6 jackals
  5 quokkas
  7 frilled lizards
  7 goblins
  A jackal skeleton (D:8)
  26 kobolds
  A leopard gecko skeleton (D:4)
  3 rats
505 creatures vanquished.

Vanquished Creatures (collateral kills)
  A jelly (D:6)
  A centaur skeleton (D:6)
2 creatures vanquished.

Vanquished Creatures (others)
  An air elemental (Elf:2)
  A leopard gecko (D:10)
  2 orcs
4 creatures vanquished.

Grand Total: 511 creatures vanquished

Notes
Turn   | Place    | Note
-------+----------+-------------------------------------------
     0 | D:1      | Amnesiac the Mummy Earth Elementalist began the quest for the Orb.
     0 | D:1      | Reached XP level 1. HP: 13/13 MP: 4/4
   505 | D:1      | Reached XP level 2. HP: 9/19 MP: 5/5
   791 | D:3      | Reached XP level 3. HP: 10/24 MP: 0/7
  1087 | D:3      | Noticed Grinder
  1110 | D:3      | Learned a level 2 spell: Passwall
  1179 | D:3      | Noticed an ogre
  1245 | D:3      | Killed an ogre
  1245 | D:3      | Reached XP level 4. HP: 30/30 MP: 3/10
  1245 | D:3      | Reached XP level 5. HP: 35/35 MP: 3/11
  1310 | D:3      | Found a runed door.
  1314 | D:3      | Noticed Crazy Yiuf
  1317 | D:3      | Killed Crazy Yiuf
  1551 | D:4      | Noticed a phantom
  1578 | D:4      | Killed a phantom
  1578 | D:4      | Reached skill level 5 in Spellcasting
  1578 | D:4      | Reached skill level 5 in Earth Magic
  1578 | D:4      | Reached XP level 6. HP: 30/41 MP: 13/13
  1612 | D:4      | Learned a level 4 spell: Petrify
  1618 | D:4      | Learned a level 5 spell: Lee's Rapid Deconstruction
  1636 | D:4      | Got a translucent troll leather armour
  1700 | D:4      | Found a staircase to the Ecumenical Temple.
  1743 | Temple   | Entered the Ecumenical Temple
  1817 | Temple   | Became a worshipper of Ashenzari the Shackled
  1969 | Temple   | Identified the +3 troll leather armour of Sunlight {MR+ Regen+ Str-4 Slay+2} (You found it on level 4 of the Dungeon)
  2007 | D:4      | Reached XP level 7. HP: 46/46 MP: 1/15
  2182 | D:2      | Killed Grinder
  2451 | D:2      | Found a glowing golden altar of the Shining One.
  2654 | D:2      | Found a radiant altar of Vehumet.
  3454 | D:3      | Noticed Jessica
  3458 | D:3      | Killed Jessica
  3553 | D:3      | Reached XP level 8. HP: 52/52 MP: 18/18
  4025 | D:4      | Noticed Azzok's ghost (amateur DEFE)
  4032 | D:4      | Killed Azzok's ghost
  4121 | D:5      | Entered Level 5 of the Dungeon
  4346 | D:5      | Reached * piety under Ashenzari
  4561 | D:5      | Found Vuoj's Antique Weapon Shoppe.
  4702 | D:6      | Noticed Edmund
  4852 | D:5      | Killed Edmund
  4969 | D:6      | Reached skill level 1 in Transmutations
  5114 | D:6      | Reached XP level 9. HP: 57/57 MP: 19/21
  5384 | D:7      | Reached skill level 1 in Short Blades
  5400 | D:7      | Reached skill level 1 in Shields
  5467 | D:7      | Reached skill level 2 in Shields
  5758 | D:7      | Reached skill level 3 in Shields
  6245 | D:8      | Found a bloodstained altar of Trog.
  6258 | D:8      | Reached skill level 4 in Shields
  6289 | D:8      | Reached skill level 5 in Shields
  6434 | D:8      | Found a sacrificial altar of Ru.
  6533 | D:8      | Reached XP level 10. HP: 63/63 MP: 10/22
  6635 | D:8      | Reached ** piety under Ashenzari
  6745 | D:8      | Learned a level 1 spell: Confusing Touch
  6747 | D:8      | Learned a level 1 spell: Animate Skeleton
  6750 | D:8      | Learned a level 2 spell: Sticks to Snakes
  6752 | D:8      | Learned a level 1 spell: Apportation
  6754 | D:8      | Learned a level 1 spell: Summon Small Mammal
  6758 | D:8      | Learned a level 3 spell: Stone Arrow
  7205 | D:8      | Reached skill level 5 in Short Blades
  7642 | D:8      | Found a bloodstained altar of Trog.
  7764 | D:8      | Found a sacrificial altar of Ru.
  8140 | D:9      | Reached XP level 11. HP: 59/68 MP: 18/23
  8340 | D:9      | Noticed a two-headed ogre
  8393 | D:9      | Killed a two-headed ogre
  8393 | D:9      | Reached skill level 5 in Stealth
  8534 | D:9      | Found a sparkling altar of Nemelex Xobeh.
  9119 | D:9      | Found a sacrificial altar of Ru.
  9205 | D:9      | Found a stormy altar of Qazlal.
  9569 | D:10     | Entered Level 10 of the Dungeon
  9595 | D:10     | Reached *** piety under Ashenzari
  9971 | D:10     | Learned a level 4 spell: Cause Fear
 10066 | D:10     | Found a shattered altar of Ashenzari.
 10337 | D:11     | Noticed Snorg
 10349 | D:12     | Found a staircase to the Orcish Mines.
 10429 | D:12     | Noticed an unseen horror
 10429 | D:12     | Killed an unseen horror
 10429 | D:12     | Reached skill level 6 in Shields
 10713 | D:12     | Got the cursed shield of Ashenzari's Hope {rC+}
 10719 | D:12     | Identified the cursed +0 shield of Ashenzari's Hope {rC+} (You found it on level 12 of the Dungeon)
 10756 | D:12     | Reached **** piety under Ashenzari
 11029 | D:12     | Reached skill level 7 in Shields
 11260 | D:11     | Noticed Psyche
 11269 | D:11     | Killed Psyche
 11272 | D:11     | Noticed a two-headed ogre
 11304 | D:10     | Killed a two-headed ogre
 11304 | D:10     | Reached XP level 12. HP: 74/74 MP: 20/24
 11349 | D:11     | Found a staircase to the Lair.
 11368 | D:11     | Reached skill level 8 in Shields
 11414 | D:11     | Killed Snorg
 11530 | D:11     | Found Kimewk's Gadget Shop.
 11656 | D:11     | Noticed a two-headed ogre
 11665 | D:11     | Killed a two-headed ogre
 11776 | Lair:1   | Entered Level 1 of the Lair of Beasts
 11796 | Lair:1   | Reached skill level 9 in Shields
 12341 | Lair:1   | Noticed a four-headed hydra
 12348 | Lair:1   | Killed a four-headed hydra
 12348 | Lair:1   | Reached skill level 10 in Shields
 12455 | Lair:1   | Reached ***** piety under Ashenzari
 12667 | Lair:2   | Found a hole to the Spider Nest.
 13688 | Orc:1    | Entered Level 1 of the Orcish Mines
 13688 | Orc:1    | Found Reineiby's Antique Weapon Emporium.
 13738 | D:12     | Reached skill level 1 in Fighting
 14866 | Orc:1    | Reached skill level 11 in Shields
 15284 | Orc:2    | Entered Level 2 of the Orcish Mines
 15294 | Orc:2    | Noticed Josephine
 16390 | Orc:1    | Noticed a stone giant
 16557 | Orc:1    | Killed a stone giant
 16912 | Orc:2    | Gained mutation: You are in touch with the powers of death. [Mummy growth]
 16912 | Orc:2    | Reached XP level 13. HP: 89/89 MP: 21/25
 16914 | Orc:2    | Noticed Azrael
 16920 | Orc:2    | Killed Josephine
 16946 | Orc:1    | Reached skill level 5 in Fighting
 17354 | Orc:2    | Found a roughly hewn altar of Beogh.
 17575 | Orc:2    | Noticed Erolcha
 17583 | Orc:2    | Killed Erolcha
 18378 | Orc:1    | Reached skill level 1 in Hexes
 18450 | Orc:2    | Found a roughly hewn altar of Beogh.
 18455 | Orc:2    | Found Iqyot's Assorted Antiques.
 18463 | Orc:2    | Bought a heavily runed marble ring for 155 gold pieces
 18463 | Orc:2    | Identified the ring "Suwn" {MP+9 Str+3 Int+2} (You bought it in a shop on level 2 of the Orcish Mines)
 18580 | Orc:2    | Found a roughly hewn altar of Beogh.
 18664 | Orc:2    | Noticed an orc warlord
 18673 | Orc:2    | Killed an orc warlord
 18954 | Orc:2    | Found Qoheufas's Antique Weapon Boutique.
 18988 | Orc:2    | Found a roughly hewn altar of Beogh.
 18990 | Orc:2    | Found Tylew's Antique Armour Shop.
 19146 | Orc:2    | Found a staircase to the Elven Halls.
 19312 | Orc:2    | Noticed Donald
 19574 | Elf:1    | Entered Level 1 of the Elven Halls
 19804 | Elf:1    | Reached skill level 5 in Hexes
 19869 | Elf:1    | Noticed Agnes
 19887 | Elf:1    | Noticed a deep elf death mage
 19939 | Elf:1    | You fall through a shaft!
 20050 | Elf:2    | Noticed a deep elf elementalist
 20303 | Elf:2    | Noticed Aizul
 20641 | Elf:2    | Reached skill level 5 in Transmutations
 20765 | Elf:1    | Mangled by a halberd of chopping

Vault maps used:
D:1:      dpeg_arrival_simpleton_a
D:2:      vehumet_crystals, first_ration, tso_metal_star
D:3:      uniq_crazy_yiuf_cottage, uniq_jessica, uniq_grinder
D:4:      minmay_temple_entry_statues_pillars, minmay_checkerbox
D:5:      serial_shops, shop
D:6:      uniq_edmund
D:7:      the_bakery
D:8:      wad_woods_minihive, trog_ov_bears_minmay, hangedman_ru_absence
D:9:      old_standard_altar, marbit_many_paths, basic_altar
D:10:     basic_altar
D:11:     lair_entry_dummy, serial_shops, kennysheep_mini_moat, uniq_snorg,
          uniq_psyche
D:12:     orc_0_dummy
Temple:   minmay_temple_bridge_d
Lair:1:   eino_small_chamber_without_monster
Lair:2:   spider_nest_entry_web_field, special_room
Orc:1:    serial_shops, shop
Orc:2:    grunt_orc_community_town_hall, grunt_orc_community_big_house_2,
          grunt_orc_community_big_house_2, grunt_orc_community_house_2,
          grunt_orc_community_house_1, grunt_orc_community_house_1,
          grunt_orc_community_house_3, grunt_orc_community_house_3,
          uniq_josephine, uniq_donald, uniq_azrael, uniq_erolcha
Elf:1:    serial_shops, nicolae_shop_behind_doors, orc_legates, hex_medium,
          minmay_crystal_room, feat_on_display, uniq_agnes
Elf:2:    nicolae_elf_w_pinch, uniq_aizul, uniq_asterion

Skill      XL: |  1  2  3  4  5  6  7  8  9 10 11 12 13 |
---------------+----------------------------------------+-----
Spellcasting   | 3 4 5 6 8 |  8.0
Earth Magic    | 3 4 5 6 8 |  8.0
Transmutations | 3 4 5 |  5.3
Short Blades   | 1 7 8 |  8.0
Shields        | 5 7 11 | 11.0
Stealth        | 4 8 |  8.0
Fighting       | 4 5 |  5.0
Dodging        | 4 |  4.0
Hexes          | 5 |  5.5

Action                   |  1- 3 |  4- 6 |  7- 9 | 10-12 | 13-15 || total
-------------------------+-------+-------+-------+-------+-------++-------
Melee: Dagger            |    38 |       |    34 |   355 |   111 ||   538
       Unarmed           |     6 |       |       |       |    17 ||    23
       Hand axe          |     1 |       |       |       |       ||     1
       Quarterstaff      |       |    38 |   305 |       |       ||   343
 Cast: Sandblast         |    29 |    28 |   107 |   290 |    37 ||   491
       Passwall          |     1 |       |       |    29 |    11 ||    41
       Petrify           |       |       |     8 |    70 |    39 ||   117
       Lee's Rapid Decon |       |       |     6 |    93 |    39 ||   138
       Stone Arrow       |       |       |       |       |    44 ||    44
       Confusing Touch   |       |       |       |       |     4 ||     4
Invok: Curse Item        |       |       |     4 |       |     1 ||     5
Evoke: Wand              |       |       |       |     4 |     5 ||     9
  Use: Scroll            |       |       |    10 |     2 |     8 ||    20
 Stab: Sleeping          |     1 |     1 |     8 |    30 |     7 ||    47
       Paralysed         |       |     4 |     2 |     2 |       ||     8
       Confused          |       |     1 |     1 |       |     2 ||     4
       Petrified         |       |       |    34 |    42 |    24 ||   100
       Petrifying        |       |       |       |    19 |     8 ||    27
Armor: Robe              |    13 |    10 |       |       |     3 ||    26
       Troll leather arm |       |     3 |   164 |       |       ||   167
       Leather armour    |       |       |    24 |    90 |    13 ||   127
Dodge: Dodged            |    37 |    34 |   241 |   194 |    57 ||   563
Block: Shield            |       |       |       |    66 |   122 ||   188

Table legend:
 A = Spawn XP
 B = Non-spawn XP
 C = Spawn XP percentage of total XP
 D = Spawn monster count
 E = Non-spawn monster count
 F = Spawn count percentage of total count
 G = Total turns spent on level
                    A         B        C        D         E        F      G
               +---------+---------+-------+---------+---------+-------+---------
         Total |       0 |   55056 |   0.0 |       0 |     508 |   0.0 | 20765
               +---------+---------+-------+---------+---------+-------+---------
           D:1 |       0 |      22 |   0.0 |       0 |       9 |   0.0 |   851
           D:2 |       0 |     347 |   0.0 |       0 |      22 |   0.0 |   890
           D:3 |       0 |     359 |   0.0 |       0 |      28 |   0.0 |  1249
           D:4 |       0 |     838 |   0.0 |       0 |      29 |   0.0 |   886
           D:5 |       0 |     495 |   0.0 |       0 |      21 |   0.0 |   682
           D:6 |       0 |     936 |   0.0 |       0 |      22 |   0.0 |   580
           D:7 |       0 |    1284 |   0.0 |       0 |      35 |   0.0 |   984
           D:8 |       0 |    5979 |   0.0 |       0 |      65 |   0.0 |  1564
           D:9 |       0 |    4499 |   0.0 |       0 |      48 |   0.0 |  1638
          D:10 |       0 |    2290 |   0.0 |       0 |      17 |   0.0 |   679
          D:11 |       0 |    5393 |   0.0 |       0 |      25 |   0.0 |   708
          D:12 |       0 |    3977 |   0.0 |       0 |      23 |   0.0 |  1204
        Temple |       0 |      15 |   0.0 |       0 |       1 |   0.0 |   245
        Lair:1 |       0 |    4643 |   0.0 |       0 |      22 |   0.0 |   854
        Lair:2 |       0 |    3017 |   0.0 |       0 |      17 |   0.0 |   829
         Orc:1 |       0 |    5356 |   0.0 |       0 |      38 |   0.0 |  4291
         Orc:2 |       0 |    9853 |   0.0 |       0 |      73 |   0.0 |  1445
         Elf:1 |       0 |    1313 |   0.0 |       0 |       5 |   0.0 |   446
         Elf:2 |       0 |    4440 |   0.0 |       0 |       8 |   0.0 |   740
               +---------+---------+-------+---------+---------+-------+---------
